 Dungeon Crawl Stone Soup version 0.30-a0-779-g7971cf19c3 (webtiles) character file.

Game seed: 6737964515217052294

217 DskReedErrur the Grasshopper (level 5, -10/43 HPs)
             Began as a Gnoll Warper on Feb 17, 2023.
             Mangled by Crazy Yiuf
             ... wielding a +3 quarterstaff of chaos
              (13 damage)
             ... on level 3 of the Dungeon.
             The game lasted 00:42:06 (3104 turns).

DskReedErrur the Grasshopper (Gnoll Warper)         Turns: 3104, Time: 00:42:07

Health: -10/43     AC:  3    Str: 13    XL:     5   Next: 94%
Magic:  10/12      EV:  7    Int: 12    God:
Gold:   161        SH:  0    Dex: 11    Spells: 0/14 levels left

rFire   . . .      SeeInvis .    a - +0 hand axe
rCold   . . .      Faith    .    (no shield)
rNeg    . . .      Spirit   .    g - +0 leather armour
rPois   .          Reflect  .    (no helmet)
rElec   .          Harm     .    (no cloak)
rCorr   .          Rampage  .    (no gloves)
Will    .....                    (no boots)
Stlth   +                        (no amulet)
HPRegen 0.27/turn                j - ring of flight
MPRegen 0.13/turn                (no ring)

@: petrifying, on blink cooldown, flying, very slow
A: fangs 1, strong nose, distributed training
a: no special abilities


You were on level 3 of the Dungeon.
You visited 1 branch of the dungeon, and saw 3 of its levels.

You collected 161 gold pieces.

Inventory:

Hand Weapons
 a - a +0 hand axe (weapon)
 b - a +0 sling
 k - a +0 rapier
Missiles
 c - 4 boomerangs (quivered)
Armour
 g - a +0 leather armour (worn)
Magical Staves
 l - a staff of death
 q - a staff of conjuration
Jewellery
 j - a ring of flight (left hand)
Scrolls
 f - a scroll of teleportation
 i - a scroll of poison
Potions
 d - a potion of cancellation
 e - 3 potions of lignification
 h - a potion of berserk rage
 m - a potion of curing
 n - a potion of might


   Skills:
 + Level 4.9 Fighting
 + Level 1.8 Short Blades
 + Level 1.8 Long Blades
 + Level 4.9 Axes
 + Level 1.8 Maces & Flails
 + Level 1.8 Polearms
 + Level 1.8 Staves
 + Level 1.8 Ranged Weapons
 + Level 3.1 Throwing
 + Level 3.1 Armour
 + Level 4.9 Dodging
 + Level 1.8 Stealth
 + Level 1.8 Shields
 + Level 1.8 Unarmed Combat
 + Level 5.3 Spellcasting
 + Level 1.4 Conjurations
 + Level 1.4 Hexes
 + Level 1.4 Summonings
 + Level 1.4 Necromancy
 + Level 5.6 Translocations
 + Level 1.4 Transmutations
 + Level 1.4 Fire Magic
 + Level 1.4 Ice Magic
 + Level 1.4 Air Magic
 + Level 1.4 Earth Magic
 + Level 1.4 Poison Magic
 + Level 2.0 Invocations
 + Level 1.8 Evocations


You couldn't memorise any spells.
You knew the following spells:

 Your Spells              Type           Power      Damage    Failure   Level
a - Blink                 Tloc           32%        N/A       3%          2
b - Lesser Beckoning      Tloc           32%        N/A       3%          2
c - Vhi's Electric Charg  Tloc/Air       22%        N/A       17%         3
d - Inner Flame           Hex/Fire       6%         N/A       38%         3
e - Manifold Assault      Tloc           16%        N/A       24%         4

Your spell library contained the following spells:

 Spells                   Type           Power      Damage    Failure   Level
 Teleport Other           Tloc           16%        N/A       8%          3
 Portal Projectile        Hex/Tloc       22%        N/A       17%         3
 Tukima's Dance           Hex            6%         N/A       38%         3
 Flame Wave               Conj/Fire      6%         2d5       80%         4
 Sticky Flame             Conj/Fire      6%         2d3       80%         4
 Blade Hands              Tmut           3%         N/A       98%         5
 Freezing Cloud           Conj/Ice/Air   3%         6-21      98%         5
 Simulacrum               Ice/Necr       3%         N/A       100%        6
 Polar Vortex             Ice            3%         N/A       100%        9


Dungeon Overview and Level Annotations

Branches:
Dungeon (3/15)

Altars:
Fedhas
Kikubaaqudgha

Annotations:
D:3 Crazy Yiuf


Innate Abilities, Weirdness & Mutations

You have very sharp teeth.
Your uncanny sense of smell can sniff out nearby items.
Your experience applies equally to all skills.


Message History

j - a ring of flight (left hand)
Found a hammer.
Found a runed translucent door.
Press: ? - help, v - describe, . - travel
Here: Crazy Yiuf, wielding a +3 quarterstaff of chaos and wearing a +1 cloak (asleep, fire blocked by a runed translucent door)
The floor.
You reach down and open the door.
Crazy Yiuf shouts!
Throw: 5 boomerangs
Press: ? - help, Q - select action, (/) - cycle Shift-Dir - straight line, f - Crazy Yiuf
Aim: Crazy Yiuf, wielding a +3 quarterstaff of chaos and wearing a +1 cloak (63% to hit)
You throw a boomerang. The boomerang barely misses Crazy Yiuf.
Throw: 5 boomerangs
Press: ? - help, Q - select action, (/) - cycle Shift-Dir - straight line, f/p - Crazy Yiuf
Aim: Crazy Yiuf, wielding a +3 quarterstaff of chaos and wearing a +1 cloak (63% to hit)
You throw a boomerang.
The boomerang closely misses Crazy Yiuf.
Crazy Yiuf says, "Announcement!"
Crazy Yiuf hits you with a +3 quarterstaff of chaos!
Crazy Yiuf burns you.
You hit Crazy Yiuf. You bite Crazy Yiuf.
Crazy Yiuf is lightly wounded.
Crazy Yiuf closely misses you.
You hit Crazy Yiuf.
Crazy Yiuf is moderately wounded.
Crazy Yiuf says, "East Hive wrapper!"
Crazy Yiuf hits you with a +3 quarterstaff of chaos!
As you read the scroll of summoning, it crumbles to dust.
Wisps of shadow whirl around you...
Crazy Yiuf hits you with a +3 quarterstaff of chaos!
* * * LOW HITPOINT WARNING * * *
You are slowing down.
Casting: Manifold Assault (quite dangerous; 24% risk of failure)
Confirm with . or Enter, or press ? or * to list all spells.
You blink.
Your adder bites Crazy Yiuf but does no damage.
Your giant cockroach bites Crazy Yiuf but does no damage.
Crazy Yiuf hits you with a +3 quarterstaff of chaos!
* * * LOW HITPOINT WARNING * * *
Space warps horribly around you!!
You die...

############
#...........
###♣♣♣♣♣
############
##.#..♣.♣♣♣##### ##
##......♣r.♣#S..#
.###......♣♣♣♣§g@..#
..##...#.♣♣ ♣♣#B.)#
############
#.....##♣♣ #####
#........... #..####
#..######### #..+
#..# #..# ### ###..#
#..# #.# #....#
#..#######.# #....#
#..........# ######


You could see Crazy Yiuf (ally target), a friendly adder (summoned), a friendly
giant cockroach (summoned) and a friendly rat (summoned).

Vanquished Creatures
  A hound (D:2)
  An orc wizard (D:2)
  6 adders (D:2)
  3 dart slugs (D:2)
  3 orcs (D:3)
  10 bats
  6 endoplasms
  3 giant cockroaches
  10 goblins
  7 hobgoblins
  11 jackals (D:1)
  6 quokkas
  9 ball pythons
  5 frilled lizards
  5 kobolds
  8 rats
94 creatures vanquished.

Vanquished Creatures (others)
  7 demonic plants (D:3)
  5 fungi (D:3)
  3 plants
15 creatures vanquished.

Grand Total: 109 creatures vanquished

Notes
Turn   | Place    | Note
-------+----------+-------------------------------------------
     0 | D:1      | DskReedErrur the Gnoll Warper began the quest for the Orb.
     0 | D:1      | Reached XP level 1. HP: 20/20 MP: 6/6
    68 | D:1      | Reached XP level 2. HP: 21/26 MP: 7/7
    73 | D:1      | Learned a level 2 spell: Blink
    76 | D:1      | Learned a level 2 spell: Lesser Beckoning
   374 | D:1      | Reached skill level 5 in Spellcasting
   374 | D:1      | Reached XP level 3. HP: 19/31 MP: 7/9
   444 | D:1      | Reached skill level 1 in Invocations
   554 | D:1      | Learned a level 3 spell: Vhi's Electric Charge
   558 | D:1      | Learned a level 3 spell: Inner Flame
   607 | D:1      | Reached skill level 1 in Short Blades
   607 | D:1      | Reached skill level 1 in Long Blades
   607 | D:1      | Reached skill level 1 in Maces & Flails
   607 | D:1      | Reached skill level 1 in Polearms
   607 | D:1      | Reached skill level 1 in Staves
   607 | D:1      | Reached skill level 1 in Ranged Weapons
   607 | D:1      | Reached skill level 1 in Stealth
   607 | D:1      | Reached skill level 1 in Shields
   607 | D:1      | Reached skill level 1 in Unarmed Combat
   607 | D:1      | Reached skill level 1 in Evocations
  1286 | D:2      | Reached XP level 4. HP: 28/38 MP: 11/11
  1612 | D:2      | Reached skill level 1 in Conjurations
  1612 | D:2      | Reached skill level 1 in Hexes
  1612 | D:2      | Reached skill level 1 in Summonings
  1612 | D:2      | Reached skill level 1 in Necromancy
  1612 | D:2      | Reached skill level 1 in Transmutations
  1612 | D:2      | Reached skill level 1 in Fire Magic
  1612 | D:2      | Reached skill level 1 in Ice Magic
  1612 | D:2      | Reached skill level 1 in Air Magic
  1612 | D:2      | Reached skill level 1 in Earth Magic
  1612 | D:2      | Reached skill level 1 in Poison Magic
  1973 | D:2      | Reached XP level 5. HP: 43/43 MP: 2/12
  2558 | D:2      | Learned a level 4 spell: Manifold Assault
  2714 | D:3      | Found a blossoming altar of Fedhas.
  2718 | D:3      | Found an ancient bone altar of Kikubaaqudgha.
  2978 | D:3      | Found a faded altar of an unknown god.
  3094 | D:3      | Found a runed translucent door.
  3095 | D:3      | Noticed Crazy Yiuf
  3104 | D:3      | Mangled by Crazy Yiuf

Illustrated notes

Levels and vault maps discovered:
D:1:      lightli_arrival_flooded_house, layout_rooms, serial_aquarium,
          aquarium_bridge_square [aquarium_subvault_wall,
          aquarium_subvault_bridge, aquarium_subvault_bridge,
          aquarium_subvault_bridge], aquarium_bridge_straight
          [aquarium_subvault_bridge, aquarium_subvault_window,
          aquarium_subvault_bridge, aquarium_subvault_wall],
          aquarium_window_double, aquarium_window_corridor_2,
          aquarium_window_fake, aquarium_window_fake, aquarium_view_2b,
          aquarium_balcony_3b, aquarium_pool_2, minmay_tetromino_t4
D:2:      layout_loops_ring, chequers_jeans, minmay_divided_ellipse
D:3:      layout_basic, grunt_temple_overflow_growth_and_decay,
          mainiacjoe_overflow_surrounded_room, lemuel_tele_altar,
          shapermc_ecumenical_altar_gd, serial_curves, eino_curves_04,
          eino_curves_04, eino_curves_04, uniq_crazy_yiuf_cottage

Skill      XL: |  1  2  3  4  5 |
---------------+----------------+-----
Spellcasting   | 5 |  5.3
Invocations    | 1 2 |  2.0
Short Blades   | 1 |  1.8
Long Blades    | 1 |  1.8
Maces & Flails | 1 |  1.8
Polearms       | 1 |  1.8
Staves         | 1 |  1.8
Ranged Weapons | 1 |  1.8
Stealth        | 1 |  1.8
Shields        | 1 |  1.8
Unarmed Combat | 1 |  1.8
Evocations     | 1 |  1.8
Conjurations   | 1 |  1.4
Hexes          | 1 |  1.4
Summonings     | 1 |  1.4
Necromancy     | 1 |  1.4
Transmutations | 1 |  1.4
Fire Magic     | 1 |  1.4
Ice Magic      | 1 |  1.4
Air Magic      | 1 |  1.4
Earth Magic    | 1 |  1.4
Poison Magic   | 1 |  1.4
Throwing       | 3 |  3.1
Armour         | 3 |  3.1
Fighting       | |  4.9
Axes           | |  4.9
Dodging        | |  4.9
Translocations | |  5.6

Action                     |  1- 3 |  4- 6 || total
---------------------------+-------+-------++-------
  Melee: Hand axe          |    73 |   150 ||   223
         Rapier            |    73 |       ||    73
         Bite              |    13 |    10 ||    23
         Staff             |    89 |       ||    89
         Punch             |     3 |     5 ||     8
  Throw: Boomerang         |     7 |     5 ||    12
   Cast: Blink             |     4 |     3 ||     7
         Lesser Beckoning  |     2 |     3 ||     5
         Vhi's Electric Ch |       |     4 ||     4
         Inner Flame       |       |     2 ||     2
    Use: Potion            |     1 |       ||     1
         Scroll            |     7 |     8 ||    15
 Armour: Leather armour    |    67 |    47 ||   114
  Dodge: Dodged            |   217 |    87 ||   304

Table legend: (Time is in decaauts)
 A = Elapsed time spent in this place.
 B = Non-inter-level travel time spent in this place.
 C = Inter-level travel time spent in this place.
 D = Time resting spent in this place.
 E = Time spent auto-exploring this place.
 F = Levels seen in this place.
 G = Mean time per level.
                   A        B        C        D        E       F      G
               +--------+--------+--------+--------+--------+-----+--------+
         Total |   3145 |   3099 |     46 |    617 |   1477 |   3 | 1048.3 |
       Dungeon |   3145 |   3099 |     46 |    617 |   1477 |   3 | 1048.3 |
               +--------+--------+--------+--------+--------+-----+--------+

Top non-repeatable levels by time:
     D:2: 1451 daAuts
     D:1: 1272 daAuts
     D:3: 421 daAuts
